Map: 亚历山大港 - 天梯版

Players

RiSky - Winner!

  • Race: Zerg Zerg

Drager

  • Race: Protoss Protoss
  • League: Diamond

Event: WESG 2018 Grand Finals

VOD

Have the link to the VOD?

Description

Time

  • Played on: March 11, 2019, 6:20 a.m.
  • Length: 10:00

All games in this series

Show
View Real Time Build Order
Export as new Build Order

RiSky Zerg - Winner!

Build Orders: Hatch First, Roach Hydra 

Get SALT Encoding   

  12  0:00  Drone  
  13  0:12  Overlord  
  13  0:17  Drone  
  14  0:30  Drone x2  
  16  0:48  Hatchery  
  15  0:52  Drone  
  15  0:55  Drone  
  17  0:59  Drone  
  18  1:11  Extractor  
  17  1:15  Spawning Pool  
  17  1:18  Drone  
  17  1:21  Drone  
  18  1:27  Drone  
  19  1:38  Drone  
  20  1:49  Overlord  
  20  2:01  Queen  
  20  2:02  Queen, Zergling x2  
  20  2:03  Zergling x2  
  26  2:10  Drone  
  26  2:11  Drone  
  26  2:14  Metabolic Boost  
  28  2:21  Drone  
  28  2:22  Drone  
  30  2:33  Drone  
  31  2:45  Overlord, Hatchery  
  31  2:48  Drone  
  31  2:51  Drone  
  31  2:56  Queen  
  34  2:59  Drone  
  34  3:02  Drone  
  34  3:04  Drone  
  37  3:07  Drone  
  37  3:10  Drone  
  37  3:12  Drone x2  
  40  3:14  Drone  
  40  3:19  Overlord  
  41  3:21  Drone  
  41  3:24  Drone x2  
  44  3:30  Overlord  
  44  3:37  Drone  
  44  3:39  Lair  
  45  3:44  Zergling x4  
  45  3:47  Drone x3  
  50  3:49  Roach Warren  
  50  3:54  Drone  
  50  3:58  Overlord  
  50  3:59  Drone  
  50  4:01  Extractor  
  50  4:02  Extractor  
  49  4:04  Drone x2  
  49  4:05  Drone x2  
  49  4:06  Drone  
  49  4:09  Drone  
  55  4:16  Overlord  
  55  4:17  Zergling x2  
  55  4:18  Zergling x2  
  55  4:22  Overlord  
  57  4:25  Drone x2  
  57  4:30  Overlord  
  59  4:31  Overlord  
  59  4:36  Roach x4, Overseer  
  67  4:40  Roach  
  67  4:41  Roach  
  67  4:44  Roach  
  73  4:46  Roach  
  73  4:47  Roach  
  73  4:50  Roach  
  79  4:54  Roach  
  79  4:58  Drone x2  
  82  5:01  Drone  
  82  5:03  Overlord  
  82  5:04  Drone  
  84  5:09  Overseer, Spore Crawler  
  83  5:14  Roach x2  
  83  5:17  Drone  
  88  5:23  Glial Reconstitution  
  88  5:24  Drone x2  
  88  5:28  Zergling x10  
  95  5:30  Overlord  
  95  5:31  Drone x2  
  95  5:32  Drone x2  
  95  5:35  Drone  
  100  5:38  Drone x2  
  100  5:39  Evolution Chamber  
  100  5:40  Extractor  
  100  5:41  Extractor  
  99  5:45  Overseer  
  99  5:46  Roach x2  
  99  5:48  Overlord  
  103  5:53  Hydralisk Den, Queen  
  104  5:57  Overlord  
  104  5:59  Roach x2  
  104  6:00  Overlord  
  104  6:01  Drone x2  
  106  6:05  Drone  
  106  6:06  Drone  
  106  6:11  Drone x4, Zerg Missile Weapons Level 1  
  111  6:14  Drone  
  111  6:18  Overlord  
  112  6:20  Drone  
  112  6:21  Drone  
  114  6:28  Roach x3  
  114  6:29  Roach  
  114  6:30  Roach  
  114  6:31  Roach  
  114  6:32  Roach  
  119  6:35  Roach x2  
  119  6:37  Overlord  
  116  6:42  Overlord  
  116  6:46  Roach  
  116  6:47  Roach  
  120  6:48  Overlord  
  119  6:57  Grooved Spines  
  119  6:58  Hydralisk x2  
  119  7:00  Hydralisk x2  
  125  7:02  Hydralisk  
  125  7:03  Hydralisk  
  125  7:08  Hydralisk  
  130  7:11  Hydralisk  
  130  7:13  Zergling x2  
  130  7:14  Zergling x8, Extractor  
  136  7:19  Hydralisk x2  
  136  7:21  Overlord  
  140  7:23  Hydralisk  
  140  7:26  Zergling x6  
  145  7:31  Drone  
  145  7:33  Baneling Nest, Zergling x2  
  145  7:36  Roach  
  146  7:37  Hatchery  
  146  7:40  Roach x2  
  146  7:42  Overlord  
  146  7:44  Drone x2  
  151  7:46  Drone x2  
  151  7:49  Queen, Infestation Pit  
  151  7:51  Drone x2  
  156  7:53  Pneumatized Carapace  
  144  7:59  Drone x2  
  144  8:00  Drone x2  
  144  8:01  Overlord  
  144  8:02  Drone  
  145  8:08  Hydralisk x2  
  145  8:09  Muscular Augments  
  145  8:12  Roach x3  
  144  8:15  Roach  
  144  8:19  Roach x3  
  134  8:22  Centrifical Hooks  
  134  8:30  Evolution Chamber, Zergling x8  
  134  8:33  Overlord x7  
  137  8:36  Zergling x6  
  137  8:37  Hydralisk  
  142  8:45  Hydralisk  
  144  8:49  Hydralisk  
  144  8:53  Hydralisk x3  
  144  8:55  Roach  
  154  8:58  Baneling  
  154  8:59  Baneling x5  
  154  9:00  Roach  
  156  9:05  Hydralisk x2  
  160  9:10  Hydralisk x2  
  160  9:14  Hydralisk  
  160  9:16  Zergling x2  
  160  9:17  Zergling x2  
  168  9:21  Roach  
  168  9:22  Roach  
  164  9:28  Roach x5  
  166  9:32  Roach  
  166  9:33  Roach  
  166  9:37  Roach x3  
  146  9:41  Roach x2  
Show
View Real Time Build Order
Export as new Build Order

Drager Protoss 

Build Orders: 1 Gate Expand, Archon Immortal, Archon Drop, Dark Templar Rush 

Get SALT Encoding   

  12  0:00  Probe  
  13  0:12  Probe  
  14  0:18  Pylon  
  14  0:24  Probe  
  15  0:32  Probe  
  15  0:39  Gateway  
  15  0:40  Probe  
  16  0:48  Assimilator  
  17  0:51  Probe  
  18  1:03  Probe  
  19  1:15  Probe  
  20  1:26  Nexus  
  20  1:36  Cybernetics Core  
  20  1:40  Probe  
  20  1:45  Assimilator  
  21  1:52  Probe  
  21  1:53  Pylon  
  22  2:02  Adept  
  22  2:04  Probe  
  23  2:13  Warp Gate  
  25  2:16  Probe  
  26  2:24  Twilight Council  
  26  2:28  Probe  
  27  2:33  Stalker  
  27  2:34  Probe  
  27  2:36  Probe  
  29  2:43  Probe  
  31  2:44  Probe  
  33  2:53  Probe  
  33  2:54  Robotics Facility  
  34  3:02  Probe  
  35  3:11  Probe  
  36  3:16  Probe  
  37  3:23  Probe  
  37  3:24  Dark Shrine  
  38  3:28  Probe  
  38  3:32  Warp Prism  
  39  3:35  Gateway  
  39  3:37  Gateway  
  39  3:38  Gateway  
  39  3:46  Probe  
  39  3:48  Probe  
  43  3:52  Pylon  
  43  3:54  Assimilator  
  43  3:57  Assimilator  
  43  3:58  Probe  
  43  4:00  Probe  
  45  4:10  Probe  
  45  4:12  Probe  
  45  4:13  Pylon  
  47  4:22  Probe  
  48  4:24  Probe  
  49  4:34  Probe  
  49  4:37  Probe, Dark Templar x3  
  57  4:47  Probe  
  57  4:49  Probe  
  57  4:50  Warp Prism  
  59  4:53  Pylon  
  59  4:54  Dark Templar  
  59  4:59  Probe  
  60  5:00  Archon x2  
  62  5:07  Pylon  
  62  5:11  Probe x2  
  64  5:14  Pylon  
  64  5:17  Nexus  
  64  5:27  Charge  
  64  5:28  Zealot x2  
  64  5:30  Probe  
  64  5:31  Probe  
  69  5:41  Forge  
  69  5:45  Probe x2  
  71  5:50  Dark Templar x4  
  71  5:53  Pylon  
  71  5:54  Protoss Ground Weapons Level 1  
  79  5:58  Archon x2  
  81  6:05  Immortal  
  81  6:08  Gateway x2  
  81  6:10  Gateway  
  75  6:17  Gateway  
  79  6:23  Zealot  
  79  6:24  Zealot  
  83  6:27  Zealot x2  
  83  6:28  Probe  
  86  6:34  Immortal  
  82  6:57  Dark Templar x4  
  90  7:05  Nexus, Immortal  
  90  7:06  Pylon  
  90  7:08  Archon x2  
  94  7:27  Zealot x4  
  96  7:35  Pylon  
  94  7:41  Pylon  
  94  7:43  Pylon  
  86  7:44  Zealot x4  
  86  7:50  Immortal  
  92  8:04  Nexus  
  92  8:05  Zealot x2  
  96  8:07  Pylon  
  94  8:17  Zealot x4  
  94  8:30  Zealot x4  
  102  8:39  Sentry x4  
  110  8:45  Pylon  
  110  9:00  Dark Templar x2  
  110  9:02  Zealot x2  
  118  9:03  Sentry  
  118  9:04  Archon  
  118  9:06  Sentry  
  122  9:23  Zealot x2  
  122  9:24  Zealot x2  
  104  9:32  Zealot x3  
  96  9:42  Zealot  
  72  9:46  Zealot x3  
  72  9:50  Zealot  
  70  9:55  Zealot  
Tags
 
Add a new tag
Caveats
  • Supply blocks, unpowered buildings, or Contaminate may cause inaccurate times.
  • Supply counts are checked every 10 seconds.